 Dungeon Crawl Stone Soup version 0.30-a0-738-g116ff8c4af (webtiles) character file.

Game seed: 9891599213459954540

9949 GenialerGandalf the Cleaver (level 11, 0/97 HPs)
             Began as a Hill Orc Fighter on Feb 3, 2023.
             Was a Priest of Beogh.
             Slain by Sonja
             ... wielding a +1 short sword of venom
              (7 damage)
             ... on level 11 of the Dungeon.
             The game lasted 00:29:50 (9872 turns).

GenialerGandalf the Cleaver (Hill Orc Fighter)      Turns: 9872, Time: 00:29:51

Health: 0/97       AC: 16    Str: 24    XL:     11   Next: 54%
Magic:  16/16      EV:  9    Int:  8    God:    Beogh [***...]
Gold:   622        SH:  5    Dex: 10    Spells: 17/17 levels left

rFire   . . .      SeeInvis +    a - +0 war axe
rCold   . . .      Faith    .    c - +0 buckler
rNeg    . . .      Spirit   .    b - +0 scale mail
rPois   .          Reflect  .    i - +2 hat {SInv}
rElec   .          Harm     .    w - +1 cloak
rCorr   .          Rampage  .    k - +2 pair of gloves
Will    .....                    (no boots) Stlth
                                 g - amulet of regeneration
HPRegen 1.16/turn                (no ring)
MPRegen 0.15/turn                (no ring)

@: lethally poisoned (0 -> -7), slowed, studying Evocations, very slow
A: no striking features
a: Renounce Religion, Smiting


You were on level 11 of the Dungeon.
You worshipped Beogh.
Beogh was most pleased with you.
You visited 2 branches of the dungeon, and saw 12 of its levels.

You collected 874 gold pieces.
You spent 252 gold pieces at shops.

Inventory:

Hand Weapons
 a - a +0 war axe (weapon)
 v - a +3 quarterstaff of chaos
Missiles
 E - 2 throwing nets (quivered)
 H - 6 atropa-tipped darts
Armour
 b - a +0 scale mail (worn)
 c - a +0 buckler (worn)
 i - a +2 hat of see invisible (worn)
 k - a +2 pair of gloves (worn)
 t - a scarf of repulsion
 w - a +1 cloak (worn)
 B - a +0 plate armour
Jewellery
 g - an amulet of regeneration (around neck)
 y - a ring of protection from fire
Wands
 u - a wand of roots (1)
 A - a wand of flame (11)
 C - a wand of paralysis (6)
 G - a wand of acid (6)
Scrolls
 d - a scroll of acquirement {unknown}
 j - a scroll of immolation
 m - 5 scrolls of teleportation
 o - a scroll of amnesia
 p - 2 scrolls of enchant weapon
 q - 6 scrolls of noise
 r - a scroll of magic mapping
 s - a scroll of fog {unknown}
 D - a scroll of identify
Potions
 e - 2 potions of brilliance {unknown}
 f - a potion of curing
 h - 2 potions of flight
 l - 2 potions of cancellation
 n - a potion of heal wounds {unknown}
 x - 2 potions of magic {unknown}
 z - a potion of lignification {unknown}
 F - a potion of ambrosia {unknown}


   Skills:
 * Level 9.1 Fighting
 * Level 13.8 Axes
 * Level 8.6 Armour
 - Level 0.1 Dodging
 * Level 7.3 Shields
 * Level 3.7 Spellcasting
 * Level 5.1 Invocations
 * Level 7.4 Evocations


You had 17 spell levels left.
You didn't know any spells.
Your spell library contained the following spells:

 Spells                   Type           Power      Damage    Failure   Level
 Magic Dart               Conj           4%         1d3       63%         1
 Call Imp                 Summ           1%         N/A       77%         2
 Frozen Ramparts          Ice            2%         1d1       94%         3
 Mephitic Cloud           Conj/Pois/Air  1%         N/A       94%         3
 Portal Projectile        Hex/Tloc       2%         N/A       94%         3
 Stone Arrow              Conj/Erth      2%         3d7       94%         3
 Summon Guardian Golem    Hex/Summ       1%         N/A       94%         3
 Tukima's Dance           Hex            1%         N/A       94%         3
 Animate Armour           Summ/Erth      2%         N/A       100%        4
 Ice Form                 Ice/Tmut       1%         N/A       100%        4
 Summon Ice Beast         Ice/Summ       1%         N/A       100%        4
 Summon Lightning Spire   Summ/Air       1%         N/A       100%        4
 Alistair's Intoxication  Tmut/Pois      0%         N/A       100%        5
 Blade Hands              Tmut           0%         N/A       100%        5
 Borgnjor's Vile Clutch   Necr/Erth      0%         N/A       100%        5
 Eringya's Noxious Bog    Tmut/Pois      0%         N/A       100%        6
 Orb of Destruction       Conj           0%         9d5       100%        7
 Spellforged Servitor     Conj/Summ      0%         N/A       100%        7
 Storm Form               Tmut/Air       0%         N/A       100%        7
 Lehudib's Crystal Spear  Conj/Erth      0%         10d2      100%        8
 Maxwell's Capacitive Co  Air            0%         ∞         100%        8


Dungeon Overview and Level Annotations

Branches:
Dungeon (11/15)            Temple (1/1) D:5            Lair (0/5) D:11
    Orc (0/2) D:9

Altars:
Ashenzari
Cheibriados
Dithmenos
Elyvilon
Fedhas
Gozag
Hepliaklqana
Kikubaaqudgha
Makhleb
Nemelex Xobeh
Okawaru
Qazlal
Ru
Sif Muna
Trog
Uskayaw
Vehumet
Wu Jian
Xom
Yredelemnul
Zin
The Shining One

Shops:
D:7 *   D:10 *

Portals:
Trove: D:10 (give 2 scrolls of acquirement)

Annotations:
D:5 Pikel
D:6 1 runed translucent door, fly's ghost, novice DgDe
D:11 Sonja


Message History

The yak barely misses you.
You feel better.
Sonja casts a spell.
Sonja blinks!
The yak gores you but does no damage.
Your orc hits Sonja with a +0 whip. You completely miss the yak.
Sonja hits your orc with a +1 short sword of venom. x2
Your orc is poisoned.
Sonja hits your orc with a +1 short sword of venom.
Your orc looks as sick as possible!
The yak completely misses you.
Your orc misses Sonja.
Sonja hits your orc with a +1 short sword of venom!
Your orc dies!
The yak barely misses you.
Sonja shouts!
You slash the yak!
The yak is moderately wounded.
The yak gores you!
* * * LOW HITPOINT WARNING * * *
You barely miss Sonja.
Sonja is almost dead.
You slash the yak!
Sonja hits you with a +1 short sword of venom.
* * * LOW HITPOINT WARNING * * *
You block Sonja's attack. Sonja barely misses you. You block the yak's attack.
Sonja hits you but does no damage.
You are poisoned.
Sonja hits you but does no damage.
You are more poisoned.
Sonja hits you but does no damage.
You completely miss Sonja.
Sonja is almost dead.
You hit the yak.
You feel very sick. You block Sonja's attack. Sonja completely misses you.
Sonja hits you but does no damage.
You are lethally poisoned!
The yak barely misses you.
Sonja hits you with a +1 short sword of venom!
You die...

#..~..#.###.# #..≈....#
. !. #<#~#.#.# .#
...#≈#.#... .# .##
###.# ### .# #.# .# #.#
.# .######.########.#
...........>.)Y@)#
.#.#######.#####K......
#...# )#####. .Y.....
.. #.#..?### #.#
#.##.## (# # ### .> ##


You could see a yak and Sonja.

Vanquished Creatures
  A two-headed ogre (D:9)
  A cyclops (D:11)
  A gargoyle (D:10)
  An unseen horror (D:11)
  Psyche (D:10)
  A troll (D:9)
  Grinder (D:4)
  A merfolk (D:9)
  Sigmund (D:6)
  A shadow (D:10)
  2 wraiths
  18 yaks
  A steam dragon (D:9)
  2 vampire mosquitoes (D:10)
  Edmund (D:5)
  A water moccasin (D:7)
  2 orc warriors
  3 black bears
  2 sky beasts
  An ice beast (D:5)
  2 ogres
  6 centaurs
  A lemure (D:4)
  Blork the orc (D:4)
  4 bullfrogs
  A kobold brigand (D:7)
  A necrophage (D:4)
  3 gnoll sergeants
  3 scorpions
  A wight (D:8)
  13 killer bees
  An electric eel (D:7)
  2 howler monkeys
  A jelly (D:5)
  3 orc priests
  Crazy Yiuf (D:4)
  2 gnoll boudas
  2 hounds (D:6)
  4 iguanas
  5 orc wizards
  24 gnolls
  5 adders
  A shadow imp (D:5)
  2 white imps
  3 ufetubi
  3 dart slugs
  2 worms
  26 orcs
  15 endoplasms
  3 giant cockroaches
  9 goblins
  7 hobgoblins
  13 jackals
  2 quokkas
  7 ball pythons
  9 bats
  5 frilled lizards
  16 kobolds
  A rat (D:1)
253 creatures vanquished.

Vanquished Creatures (others)
  2 orc priests (D:11)
  3 orcs
  4 plants (D:3)
9 creatures vanquished.

Grand Total: 262 creatures vanquished

Notes
Turn   | Place    | Note
-------+----------+-------------------------------------------
     0 | D:1      | GenialerGandalf the Hill Orc Fighter began the quest for
                  | the Orb.
     0 | D:1      | Reached XP level 1. HP: 19/19 MP: 1/1
   105 | D:1      | Reached XP level 2. HP: 26/27 MP: 2/2
   283 | D:1      | Reached skill level 3 in Axes
   344 | D:1      | Reached XP level 3. HP: 33/33 MP: 3/3
   751 | D:2      | Reached skill level 4 in Axes
   751 | D:2      | Reached XP level 4. HP: 40/40 MP: 4/4
  1845 | D:3      | Reached skill level 1 in Evocations
  2036 | D:3      | Reached XP level 5. HP: 47/47 MP: 5/5
  2078 | D:3      | Found a glowing silver altar of Zin.
  2724 | D:4      | Noticed Blork the orc
  2742 | D:4      | Killed Blork the orc
  2743 | D:4      | Reached skill level 5 in Axes
  2743 | D:4      | Reached XP level 6. HP: 48/53 MP: 6/6
  2855 | D:4      | Noticed Grinder
  2881 | D:4      | Paralysed by Grinder for 3 turns
  2886 | D:4      | Killed Grinder
  2887 | D:4      | Reached skill level 6 in Axes
  2887 | D:4      | Reached XP level 7. HP: 48/60 MP: 6/8
  3063 | D:4      | Found a runed translucent door.
  3064 | D:4      | Noticed Crazy Yiuf
  3116 | D:4      | Found an ornate altar of the Wu Jian Council.
  3116 | D:4      | Found a bloodstained altar of Trog.
  3116 | D:4      | Found a stormy altar of Qazlal.
  3117 | D:4      | Found a shimmering altar of Xom.
  3117 | D:4      | Found a blossoming altar of Fedhas.
  3117 | D:4      | Found a shimmering blue altar of Sif Muna.
  3118 | D:4      | Found a radiant altar of Vehumet.
  3178 | D:4      | Reached skill level 5 in Fighting
  3178 | D:4      | Reached skill level 1 in Spellcasting
  3535 | D:5      | Entered Level 5 of the Dungeon
  3535 | D:5      | Noticed Pikel
  3632 | D:5      | Reached skill level 7 in Axes
  3657 | D:5      | Found a staircase to the Ecumenical Temple.
  3683 | D:5      | Noticed Edmund
  3711 | Temple   | Entered the Ecumenical Temple
  3788 | D:5      | Killed Edmund
  3911 | D:5      | Reached skill level 5 in Armour
  3911 | D:5      | Reached XP level 8. HP: 60/68 MP: 8/10
  4035 | D:5      | Reached skill level 8 in Axes
  4096 | D:5      | Became a worshipper of Beogh the Brigand
  4356 | D:5      | Reached skill level 5 in Shields
  4748 | D:4      | Killed Crazy Yiuf
  4821 | D:6      | Reached skill level 9 in Axes
  4836 | D:6      | Found a runed translucent door.
  4837 | D:6      | Noticed fly's ghost (novice DgDe)
  4910 | D:6      | Reached * piety under Beogh
  5009 | D:6      | Reached XP level 9. HP: 65/75 MP: 12/12
  5215 | D:6      | Noticed Sigmund
  5231 | D:6      | Killed Sigmund
  5232 | D:6      | Reached skill level 10 in Axes
  5232 | D:6      | Reached skill level 1 in Invocations
  5617 | D:7      | Reached ** piety under Beogh
  5941 | D:7      | Found Xiqydwuu's Serpentskin Sales.
  5952 | D:7      | Reached skill level 5 in Evocations
  6076 | D:7      | Reached skill level 11 in Axes
  6705 | D:7      | Reached XP level 10. HP: 77/86 MP: 12/14
  6854 | D:8      | Found a sparkling altar of Nemelex Xobeh.
  6992 | D:8      | Reached skill level 12 in Axes
  7375 | D:8      | You fall into a shaft and drop 2 floors!
  7375 | D:10     | Entered Level 10 of the Dungeon
  7375 | D:10     | Found Bunot's Assorted Antiques.
  7395 | D:10     | Bought 3 scrolls of teleportation for 252 gold pieces
  7490 | D:10     | Noticed a gargoyle
  7509 | D:10     | Killed a gargoyle
  7541 | D:9      | Reached *** piety under Beogh
  7542 | D:9      | Reached skill level 13 in Axes
  8012 | D:9      | Reached XP level 11. HP: 48/95 MP: 16/16
  8100 | D:9      | Found a hazy altar of Hepliaklqana.
  8100 | D:9      | Found a basalt altar of Yredelemnul.
  8135 | D:9      | Noticed a two-headed ogre
  8155 | D:9      | Killed a two-headed ogre
  8259 | D:9      | Found a staircase to the Orcish Mines.
  9238 | D:10     | Noticed Psyche
  9255 | D:10     | Killed Psyche
  9311 | D:10     | Found a portal to a secret trove of treasure.
  9743 | D:11     | Noticed a cyclops
  9758 | D:11     | Killed a cyclops
  9811 | D:11     | Reached skill level 5 in Invocations
  9839 | D:11     | Noticed Sonja
  9850 | D:11     | Found a staircase to the Lair.
  9872 | D:11     | Slain by Sonja

Illustrated notes

Levels and vault maps discovered:
D:1:      amcnicky_arrival_single_pillar, layout_basic
D:2:      layout_basic
D:3:      cheibrodos_old_hovel, layout_loops_corners,
          mainiacjoe_overflow_concentric_impassable
D:4:      layout_basic, grunt_temple_overflow_open, st_stairs_6,
          uniq_crazy_yiuf_cottage, uniq_blork_the_orc, uniq_grinder
D:5:      layout_basic, minmay_temple_entry_fiery, uniq_pikel, uniq_edmund
D:6:      layout_loops_ring, ebering_ghost_sewer_d, uniq_sigmund
D:7:      layout_loops_ring, hangedman_decor_opposing, minivault_4,
          minmay_misc_feat_plants, minivault_27, guppyfry_shop_venom
D:8:      layout_basic, lemuel_doored_altar, nicolae_wwwww, st_stairs_11
D:9:      layout_small_grid, gammafunk_temple_overflow_pools, orc_0_dummy,
          hangedman_fish_farm
D:10:     layout_loops_cross, nicolae_trove_entry_columns, serial_shops,
          nicolae_shop_hallway_stairs, uniq_psyche
D:11:     layout_loops_ring, lair_entry_dummy, serial_ice, serial_ice_d,
          serial_ice_g, serial_ice_m, serial_ice_f, serial_ice_k,
          portal_ice_cave_entry_imps, uniq_sonja
Temple:   hellmonk_temple_of_storms

Skill      XL: |  1  2  3  4  5  6  7  8  9 10 11 |
---------------+----------------------------------+-----
Fighting       | 4 5 6 7 8 9 |  9.1
Axes           | 3 4 5 6 7 9 11 13 | 13.8
Shields        | 4 5 6 7 |  7.3
Evocations     | 1 2 3 4 5 6 7 |  7.4
Armour         | 4 5 6 7 8 |  8.6
Spellcasting   | 1 2 3 |  3.7
Invocations    | 2 4 5 |  5.1
Dodging        | |  0.1

Action                     |  1- 3 |  4- 6 |  7- 9 | 10-12 || total
---------------------------+-------+-------+-------+-------++-------
  Melee: War axe           |   127 |   148 |   408 |   373 ||  1056
 Invoke: Convert to Beogh  |       |       |     1 |       ||     1
    Use: Scroll            |       |     6 |     7 |     1 ||    14
         Potion            |       |     1 |     3 |     5 ||     9
 Armour: Scale mail        |    96 |    76 |   232 |   241 ||   645
  Dodge: Dodged            |    67 |    59 |   214 |   212 ||   552
  Block: Buckler           |    23 |    26 |   112 |   137 ||   298

Table legend: (Time is in decaauts)
 A = Elapsed time spent in this place.
 B = Non-inter-level travel time spent in this place.
 C = Inter-level travel time spent in this place.
 D = Time resting spent in this place.
 E = Time spent auto-exploring this place.
 F = Levels seen in this place.
 G = Mean time per level.
                   A        B        C        D        E       F      G
               +--------+--------+--------+--------+--------+-----+--------+
         Total |   9993 |   9649 |    344 |    203 |   6298 |  12 |  832.8 |
       Dungeon |   9927 |   9583 |    344 |    203 |   6298 |  11 |  902.5 |
        Temple |     66 |     66 |      0 |      0 |      0 |   1 |   66.0 |
               +--------+--------+--------+--------+--------+-----+--------+

Top non-repeatable levels by time:
     D:2: 1142 daAuts
     D:5: 1083 daAuts
     D:7: 1067 daAuts
    D:10: 1057 daAuts
     D:8: 1008 daAuts
     D:4: 995 daAuts
     D:9: 982 daAuts
     D:3: 929 daAuts
     D:6: 774 daAuts
     D:1: 713 daAuts
    D:11: 173 daAuts
  Temple: 66 daAuts
